 Dungeon Crawl Stone Soup version 0.31-a0-845-g9abc20d24f (webtiles) character file.

Game seed: 9026333198256579945

46 Nedwor the Slasher (level 3, -1/28 HPs)
             Began as a Merfolk Gladiator on Oct 2, 2023.
             Slain by a cerulean imp
             ... wielding a +1 spear
             ... summoned by Natasha
              (5 damage)
             ... on level 2 of the Dungeon.
             The game lasted 00:01:06 (692 turns).

Nedwor the Slasher (Merfolk Gladiator)               Turns: 692, Time: 00:01:06

Health: -1/28      AC:  4    Str: 14    XL:     3   Next: 66%
Magic:  3/3        EV: 13    Int:  7    God:
Gold:   56         SH:  0    Dex: 17    Spells: 2/2 levels left

rFire   . . .        a - +0 long sword
rCold   . . .        (no shield)
rNeg    . . .        b - +0 leather armour
rPois   .            c - +0 helmet
rElec   .            (no cloak)
rCorr   .            (no gloves)
SInv    .            (no boots)
Will    .....        (no amulet)
Stlth   +            (no ring)
HPRegen 0.24/turn    (no ring)
MPRegen 0.08/turn

%: no passive effects
@: no status effects
A: (nimble swimmer 2), mertail
a: no special abilities


You were on level 2 of the Dungeon.
You visited 1 branch of the dungeon, and saw 2 of its levels.

You collected 56 gold pieces.

Inventory:

Hand Weapons
 a - a +0 long sword (weapon)
Missiles
 d - 3 throwing nets (quivered)
 e - a javelin
Armour
 b - a +0 leather armour (worn)
 c - a +0 helmet (worn)
Jewellery
 j - a ring of magical power
Scrolls
 f - a scroll of fear {unknown}
 i - a scroll of amnesia {unknown}
 l - a scroll of vulnerability {unknown}
 m - a scroll of torment {unknown}
 o - a scroll of brand weapon {unknown}
Potions
 g - a potion of haste {unknown}
 h - a potion of resistance {unknown}
 k - a potion of degeneration {unknown}
 n - a potion of heal wounds {unknown}


   Skills:
 + Level 2.8 Fighting
 * Level 4.6 Long Blades
 - Level 2.0 Throwing
 + Level 4.5 Dodging


You had 2 spell levels left.
You didn't know any spells.
Your spell library was empty.

Dungeon Overview and Level Annotations

Branches:
Dungeon (2/15)

Altars:

Annotations:
D:2 Natasha


Innate Abilities, Weirdness & Mutations

((You are very nimble when in or above water. (Stealth+, EV+, Speed+++)))
Your lower body shifts to a powerful aquatic tail in water.


Message History

You slash the kobold!
You kill the kobold!
Found a stone staircase leading down.
o - a scroll labelled WUUJALAREO You now have 56 gold pieces (gained 18).
Natasha, Servant of Life and Death comes into view.
Found a dagger.
Natasha hisses angrily.
Natasha casts a spell.
The cerulean imp hits you with a +0 spear.
You barely miss the cerulean imp. Natasha misses you.
The cerulean imp hits you but does no damage.
You hit the cerulean imp but do no damage.
Natasha closely misses you. The cerulean imp closely misses you.
You hit the cerulean imp.
The cerulean imp is moderately wounded.
Natasha mumbles some strange words.
The cerulean imp barely misses you.
You slash the cerulean imp!
The cerulean imp is almost dead.
Natasha misses you. The cerulean imp barely misses you.
The cerulean imp hits you from afar with a +1 spear.
Natasha casts a spell.
You closely miss the cerulean imp.
The cerulean imp is almost dead.
The cerulean imp barely misses you.
The cerulean imp hits you from afar with a +1 spear.
Natasha claws you. The cerulean imp misses you.
You barely miss the cerulean imp.
The cerulean imp is almost dead.
The cerulean imp misses you.
The cerulean imp hits you but does no damage.
Natasha casts a spell at you. The magic dart hits you!
The cerulean imp hits you with a +1 spear.
* * * LOW HITPOINT WARNING * * *
The cerulean imp hits you with a +0 spear.
* * * LOW HITPOINT WARNING * * *
The cerulean imp hits you from afar with a +1 spear.
You die...

###..#... .. ..)
.......... .. ..#
#........... #. #.#
..###...... #. #.#
#.>#.#..... #. #.# #...#
#.).) #. #.# #..## ##...
#.##5##.#####...###....
#.5.h@..........#..#<#
#...5#.######..........
#.#####.........####..##
#########.# #..##
#.####.... #.........
######..## #<.# #..#


You could see Natasha and 3 cerulean imps.

Vanquished Creatures
  An adder (D:2)
  A worm (D:2)
  A dart slug (D:1)
  2 ball pythons (D:1)
  4 bats
  2 endoplasms (D:1)
  A giant cockroach (D:1)
  2 goblins (D:1)
  2 jackals (D:1)
  3 quokkas (D:1)
  4 frilled lizards (D:1)
  3 kobolds
  5 rats (D:1)
31 creatures vanquished.

Notes
Turn   | Place    | Note
-------+----------+-------------------------------------------
     0 | D:1      | Nedwor the Merfolk Gladiator began the quest for the Orb.
     0 | D:1      | Reached XP level 1. HP: 16/16 MP: 1/1
    79 | D:1      | Reached XP level 2. HP: 18/23 MP: 2/2
   271 | D:1      | Found a faded altar of an unknown god.
   379 | D:1      | Reached XP level 3. HP: 25/28 MP: 3/3
   680 | D:2      | Noticed Natasha
   692 | D:2      | Slain by a cerulean imp

Illustrated notes

Levels and vault maps discovered:
D:1:      lightli_arrival_quake, layout_rooms, chequers_ecumenical_altar_simple,
          minmay_misc_feat_hallway, chequers_mini_garden
D:2:      layout_loops_ring, chequers_hall_statues_wall_a,
          kennysheep_generic_room_12, uniq_natasha

Skill      XL: |  1 |
---------------+----+-----
Long Blades    | 4 |  4.6
Fighting       | |  2.8
Throwing       | |  2.0
Dodging        | |  4.5

Action                     || total
---------------------------++-------
  Melee: Long sword        ||    74
 Armour: Leather armour    ||    48
  Dodge: Dodged            ||    75

Table legend: (Time is in decaauts)
 A = Elapsed time spent in this place.
 B = Non-inter-level travel time spent in this place.
 C = Inter-level travel time spent in this place.
 D = Time resting spent in this place.
 E = Time spent auto-exploring this place.
 F = Levels seen in this place.
 G = Mean time per level.
                   A        B        C        D        E       F      G
               +--------+--------+--------+--------+--------+-----+--------+
         Total |    706 |    691 |     15 |      0 |    491 |   2 |  353.0 |
       Dungeon |    706 |    691 |     15 |      0 |    491 |   2 |  353.0 |
               +--------+--------+--------+--------+--------+-----+--------+

Top non-repeatable levels by time:
     D:1: 545 daAuts
     D:2: 160 daAuts
